 Dungeon Crawl Stone Soup version 0.19.1 (webtiles) character file.

23 Varenor the Chucker (level 2, 0/25 HPs)
             Began as a Minotaur Hunter on Dec 1, 2016.
             Slain by a goblin
             ... wielding a +2 dagger of electrocution
              (12 damage)
             ... on level 1 of the Dungeon.
             The game lasted 00:13:55 (850 turns).

Varenor the Chucker (Minotaur Hunter)                Turns: 850, Time: 00:13:56

Health: 0/25       AC: 10    Str: 16    XL:     2   Next: 72%
Magic:  1/1        EV:  5    Int:  8    God:
Gold:   31         SH:  0    Dex: 10    Spells: 0 memorised, 1 level left

rFire  . . .     SeeInvis .     j - +0 club
rCold  . . .     Gourm    .     o - +0 plate armour
rNeg   . . .     Faith    .     (no shield)
rPois  .         Spirit   .     (helmet restricted)
rElec  .         Reflect  .     (no cloak)
rCorr  .         Harm     .     (no gloves)
MR     .....                    (no boots)
Stlth  ..........               (no amulet)
                                (no ring)
                                (no ring)

@: no status effects
A: retaliatory headbutt, horns 2
a: no special abilities


You were on level 1 of the Dungeon.
You were not hungry.

You visited 1 branch of the dungeon, and saw 1 of its levels.

You collected 31 gold pieces.

Inventory:

Hand Weapons
 a - a +0 short sword
 j - a +0 club (weapon)
 q - a +0 dagger
Missiles
 c - 6 javelins (quivered)
 d - 2 throwing nets
 n - 11 stones
Armour
 b - a +0 leather armour
 e - a +0 ring mail
 h - a +0 ring mail
 o - a +0 plate armour (worn)
 p - a +0 helmet
Scrolls
 g - a scroll of recharging {unknown}
 k - a scroll of fog {unknown}
 l - a scroll of remove curse {unknown}
 s - a scroll of identify {unknown}
Potions
 m - a potion of lignification {unknown}
Comestibles
 f - a bread ration
 i - a chunk of flesh
 r - 2 inedible chunks of flesh


   Skills:
 + Level 2.7 Fighting
 + Level 0.7 Short Blades
 + Level 4.4 Throwing
 + Level 1.0 Armour
 + Level 2.2 Dodging
 + Level 0.7 Stealth


You had one spell level left.
You didn't know any spells.

Dungeon Overview and Level Annotations

Branches:
Dungeon (1/15)

Altars:


Innate Abilities, Weirdness & Mutations

You reflexively headbutt those who attack you in melee.
You have a pair of horns on your head.


Message History

The hobgoblin is heavily wounded.
The bat barely misses you. x2; The bat hits you but does no damage.
The hobgoblin hits you but does no damage.
You hit the hobgoblin.
You kill the hobgoblin!
The bat hits you but does no damage. The bat hits you but does no damage.
You hit the bat.
You kill the bat!
You see here a hobgoblin corpse.
s - a scroll labeled XUJEUGU EHOKHA You open the door.
A goblin comes into view.
It is wielding a dagger of electrocution.
The goblin shouts!
There is an open door here.
You closely miss the goblin. The goblin hits you but does no damage.
You are electrocuted!
Ouch! That really hurt!
The goblin hits you but does no damage.
You are electrocuted!
You die...

.................................
..........###########.......####.
...........# ... +.......# #.
#.......#..# #.# #.......# ##
##.....###.# #.# #.......# ###
#.......#..# #.# #.......# #..
...........# #.# ######### #..
....#<.....# #g# ######..
...###.....# ##@### ........
...>#......# #....# .........
...........# #....#####.........
#.......#..# #...†..............
##.....###.# #.....†..........##
#.......#..#####.##......######..
...............#.........# #..
#####.##.##....####......# #..
#..........'÷......### ####..


You could see a goblin.

Vanquished Creatures
  A dart slug (D:1)
  A leopard gecko (D:1)
  4 bats (D:1)
  2 giant cockroaches (D:1)
  2 goblins (D:1)
  A hobgoblin (D:1)
  A kobold (D:1)
  8 frilled lizards (D:1)
20 creatures vanquished.

Notes
Turn   | Place    | Note
-------+----------+-------------------------------------------
     0 | D:1      | Varenor the Minotaur Hunter began the quest for the Orb.
     0 | D:1      | Reached XP level 1. HP: 18/18 MP: 0/0
   388 | D:1      | Reached XP level 2. HP: 19/25 MP: 1/1
   419 | D:1      | Reached skill level 1 in Armour
   850 | D:1      | Slain by a goblin

Skill      XL: |  1  2 |
---------------+-------+-----
Armour         | 1 |  1.0
Fighting       | |  2.7
Short Blades   | |  0.7
Throwing       | |  4.4
Dodging        | |  2.2
Stealth        | |  0.7

Action                   || total
-------------------------++-------
Melee: Short sword       ||    31
       Headbutt          ||     4
       Club              ||    27
Armor: Leather armour    ||     5
       Ring mail         ||     8
       Plate armour      ||    40
Dodge: Dodged            ||    38
